 Dungeon Crawl Stone Soup version 0.29-a0-2-g12fcac58f8 (webtiles) character file.

Game seed: 17611003553912795092

390 oldriver the Sneak (level 6, -1/36 HPs)
             Began as an Octopode Hedge Wizard on Jan 26, 2022.
             Was an Initiate of Sif Muna.
             Slain by a sky beast (6 damage)
             ... on level 5 of the Dungeon.
             The game lasted 00:11:07 (6649 turns).

oldriver the Sneak (Octopode Hedge Wizard)          Turns: 6649, Time: 00:11:08

Health: -1/36      AC:  3    Str:  9    XL:     6   Next: 80%
Magic:  12/12      EV: 13    Int: 25    God:    Sif Muna [......]
Gold:   233        SH:  0    Dex: 11    Spells: 10/13 levels left

rFire   . . .      SeeInvis .   h - +0 whip (vamp)
rCold   . . .      Faith    .   (no shield)
rNeg    . . .      Spirit   .   b - +0 hat
rPois   .          Reflect  .   (no amulet)
rElec   .          Harm     .   c - +6 ring of intelligence
rCorr   .          Rampage  .   (no ring)
Will    .....      Clarity  +   (no ring)
Stlth   ++........              (no ring)
HPRegen 0.12/turn               (no ring)
MPRegen 0.13/turn               (no ring)
                                (no ring)
                                (no ring)

@: confused, ambrosia-drunk, unable to read
A: almost no armour, amphibious, 8 rings, camouflage 1, gelatinous body 1,
(nimble swimmer 1), tentacles, iridescent scales 1, clarity, frail 1, inability
to read while threatened
a: Renounce Religion


You were on level 5 of the Dungeon.
You worshipped Sif Muna.
Sif Muna was noncommittal.
You visited 2 branches of the dungeon, and saw 6 of its levels.

You collected 233 gold pieces.

Inventory:

Hand Weapons
 h - a +0 vampiric whip (weapon)
Missiles
 d - 175 stones
 i - 3 silver javelins
 r - 6 silver boomerangs
Armour
 b - a +0 hat (worn)
Jewellery
 c - a +6 ring of intelligence (left tentacle)
Wands
 f - a wand of flame (32)
 k - a wand of acid (6)
Scrolls
 a - a scroll of amnesia {unknown}
 g - 3 scrolls of teleportation {unknown}
 j - 2 scrolls of enchant weapon {unknown}
 l - a scroll of acquirement {unknown}
 m - a scroll of magic mapping {unknown}
 q - a scroll of enchant armour {unknown}
Potions
 e - a potion of ambrosia
 n - a potion of lignification {unknown}
 o - a potion of resistance {unknown}
 p - a potion of magic {unknown}
 s - a potion of heal wounds {unknown}


   Skills:
 + Level 2.4 Fighting
 + Level 3.5 Dodging
 + Level 4.5 Stealth
 + Level 4.0 Spellcasting
 + Level 2.6 Conjurations
 + Level 2.5 Summonings
 - Level 1.0 Translocations


You had 10 spell levels left.
You knew the following spells:

 Your Spells              Type           Power      Damage    Failure   Level
a - Magic Dart            Conj           72%        1d6       3%          1
b - Call Imp              Summ           17%        N/A       4%          2

Your spell library contained the following spells:

 Spells                   Type           Power      Damage    Failure   Level
 Animate Skeleton         Necr           10%        N/A       9%          1
 Pain                     Necr           20%        1d5       9%          1
 Slow                     Hex            20%        N/A       9%          1
 Blink                    Tloc           20%        N/A       9%          2
 Conjure Flame            Conj/Fire      11%        6-21      16%         3
 Lesser Beckoning         Tloc           10%        N/A       19%         3
 Mephitic Cloud           Conj/Pois/Air  9%         N/A       19%         3
 Inner Flame              Hex/Fire       5%         N/A       26%         3
 Vampiric Draining        Necr           5%         2d6       26%         3
 Cause Fear               Hex            2%         N/A       65%         4
 Manifold Assault         Tloc           10%        N/A       86%         5
 Discord                  Hex            2%         N/A       100%        8


Dungeon Overview and Level Annotations

Branches:
Dungeon (5/15)             Temple (1/1) D:4

Altars:
Ashenzari
Cheibriados
Fedhas
Gozag
Hepliaklqana
Kikubaaqudgha
Makhleb
Nemelex Xobeh
Okawaru
Ru
Sif Muna
Trog
Uskayaw
Vehumet
Wu Jian
Yredelemnul
Zin
The Shining One

Annotations:
D:4 Sigmund


Innate Abilities, Weirdness & Mutations

You cannot wear most types of armour.
You are amphibious.
You can wear up to eight rings at the same time.
Your skin changes colour to match your surroundings (Stealth+).
Your rubbery body absorbs attacks. (AC +1, EV +1)
((You are camouflaged when in or above water. (Stealth+)))
You have tentacles for arms and can constrict up to eight enemies at once.
You are partially covered in iridescent scales. (AC +2)
You possess an exceptional clarity of mind.
You are frail. (-10% HP)
You sometimes lose the ability to read scrolls when taking damage.


Message History

The magic dart hits the sky beast.
The sky beast is heavily wounded.
The sky beast closely misses you.
The kobold hits your white imp with a +0 short sword.
Your white imp gestures at the kobold.
The puff of frost hits the kobold!
The kobold dies!
Sif Muna accepts your kill.
The magic dart hits the sky beast but does no damage.
The sky beast is heavily wounded.
The sky beast flickers out of sight!
Deactivating autopickup; reactivate with Ctrl-A.
Something hits you. Something shocks you.
Casting: Magic Dart (safe; 3% risk of failure)
Confirm with . or Enter, or press ? or * to list all spells.
You can't see any susceptible monsters within range! (Use Z to cast anyway.)
Casting: Magic Dart (safe; 3% risk of failure)
Confirm with . or Enter, or press ? or * to list all spells.
Aiming: Magic Dart (safe; 3% risk of failure)
Press: ? - help, Shift-Dir - straight line The magic dart hits something.
Something hits you.
You feel threatened and lose the ability to read scrolls!
Something shocks you.
Unknown command.
You miss something. Something hits you.
* * * LOW HITPOINT WARNING * * *
Something shocks you.
* * * LOW HITPOINT WARNING * * *
Your white imp barely misses something.
It was a potion of ambrosia.
You are confused.
You feel invigorated. Something hits you.
* * * LOW HITPOINT WARNING * * *
Something shocks you.
* * * LOW HITPOINT WARNING * * *
Your white imp hits something.
Your white imp freezes something.
You barely miss something. Your squeeze misses something. Something hits you.
* * * LOW HITPOINT WARNING * * *
Something shocks you.
You die...

#............#
#.#......###.# #
#.####.# #.# #.# #.# #)#
#.####.# #.# #....#.#
#.# ####.#.# #.# # .#
#.#.# #.# ####..####@#.#
#.# #....)..5{.#.###.#
##.####.##..######.#...#
.......<...........#.#.#
.#.#o##.#.#####.##.._..#
?......>..# #.##.#.###
.#..o####.# #<.....#
.oY. .# #.###### .?o #
#.#


You could see a friendly white imp (summoned).

Vanquished Creatures
  Grinder (D:3)
  A hound (D:4)
  Ijyb (D:3)
  A hound skeleton (D:4)
  An adder (D:2)
  A dart slug (D:1)
  An orc (D:5)
  7 endoplasms
  2 giant cockroaches
  4 goblins
  2 hobgoblins
  4 jackals (D:4)
  4 quokkas
  3 ball pythons (D:1)
  13 bats
  2 frilled lizards
  8 kobolds
  6 rats
62 creatures vanquished.

Vanquished Creatures (collateral kills)
  A hound (D:3)
  An orc wizard (D:4)
  2 worms
  2 dart slugs
  A ball python (D:3)
  A bat (D:4)
  An endoplasm (D:2)
  A hobgoblin (D:2)
  A frilled lizard (D:2)
  3 kobolds
14 creatures vanquished.

Vanquished Creatures (others)
  A plant (D:1)
1 creature vanquished.

Grand Total: 77 creatures vanquished

Notes
Turn   | Place    | Note
-------+----------+-------------------------------------------
     0 | D:1      | oldriver the Octopode Hedge Wizard began the quest for the
                  | Orb.
     0 | D:1      | Reached XP level 1. HP: 11/11 MP: 4/4
   390 | D:1      | Reached XP level 2. HP: 18/18 MP: 0/6
   469 | D:1      | Found a faded altar of an unknown god.
   480 | D:1      | Learned a level 2 spell: Call Imp
  1576 | D:2      | Reached XP level 3. HP: 22/22 MP: 3/7
  2240 | D:2      | Reached skill level 1 in Fighting
  2656 | D:2      | Gained mutation: You possess an exceptional clarity of
                  | mind. [potion of mutation]
  2656 | D:2      | Gained mutation: You have hidden genetic defects. [potion
                  | of mutation]
  2656 | D:2      | Gained mutation: You are partially covered in iridescent
                  | scales. (AC +2) [potion of mutation]
  2674 | D:2      | Gained mutation: You sometimes lose the ability to read
                  | scrolls when taking damage. [hidden defects]
  3386 | D:3      | Noticed Sigmund
  3699 | D:3      | Noticed Grinder
  3933 | D:3      | Reached XP level 4. HP: 28/28 MP: 6/9
  3953 | D:3      | Noticed Ijyb
  3967 | D:3      | Killed Ijyb
  3971 | D:3      | Gained mutation: You are frail. (-10% HP) [hidden defects]
  3971 | D:3      | Lost mutation: You have hidden genetic defects. [hidden
                  | defects expressed]
  4893 | D:4      | Found a bloodstained altar of Trog.
  4919 | D:4      | Found a sacrificial altar of Ru.
  4937 | D:4      | Reached XP level 5. HP: 30/30 MP: 2/10
  4958 | D:3      | Paralysed by Grinder for 4 turns
  4965 | D:3      | Killed Grinder
  4966 | D:3      | Reached XP level 6. HP: 35/35 MP: 3/11
  5451 | D:4      | Found a snail-covered altar of Cheibriados.
  5516 | D:4      | Found a staircase to the Ecumenical Temple.
  5524 | Temple   | Entered the Ecumenical Temple
  6019 | Temple   | Became a worshipper of Sif Muna the Loreminder
  6503 | D:5      | Entered Level 5 of the Dungeon
  6504 | D:5      | Noticed a sky beast
  6563 | D:5      | Found a broken altar of Ashenzari.
  6648 | D:5      | HP: 1/36 [something (6)]
  6649 | D:5      | Slain by a sky beast

Illustrated notes

Levels and vault maps discovered:
D:1:      eino_arrival_cavern_e, layout_loops_ring,
          hellmonk_ecumenical_altar_lost_god, serial_forest,
          infiniplex_forest_clump_medium, infiniplex_forest_clump_tiny,
          infiniplex_forest_lined_4_way, infiniplex_forest_straight_1,
          infiniplex_forest_clump_large, minmay_tromino_i2
D:2:      layout_basic, grunt_ministairs_10
D:3:      layout_rooms, uniq_ijyb, uniq_sigmund, uniq_grinder
D:4:      layout_loops_ring, mainiacjoe_overflow_small_starburst,
          marbit_many_paths, nicolae_ru_great_annihilating_truth,
          minmay_temple_entry_statues_pillars, kennysheep_boxes
D:5:      kennysheep_kobold_camp, layout_loops_ring, lemuel_crystal_altar,
          ebering_ghost_sewer_d
Temple:   eino_temple_water

Skill      XL: |  1  2  3  4  5  6 |
---------------+-------------------+-----
Stealth        | 3 4 |  4.5
Fighting       | 1 2 |  2.4
Conjurations   | 2 |  2.6
Dodging        | 3 |  3.5
Summonings     | 2 |  2.5
Spellcasting   | 4 |  4.0
Translocations | |  1.0

Action                   |  1- 3 |  4- 6 || total
-------------------------+-------+-------++-------
Melee: Dagger            |     1 |       ||     1
       Whip              |     3 |    10 ||    13
       Constrict         |     2 |     2 ||     4
       Tentacles         |     1 |     1 ||     2
Throw: Stone             |     2 |       ||     2
 Cast: Magic Dart        |    93 |    72 ||   165
       Call Imp          |    16 |    11 ||    27
Evoke: Wand              |       |     5 ||     5
  Use: Potion            |     6 |     1 ||     7
       Scroll            |       |     2 ||     2
 Stab: Sleeping          |     1 |       ||     1
Armor: Skin              |     6 |     5 ||    11
Dodge: Dodged            |    25 |    20 ||    45

Table legend: (Time is in decaauts)
 A = Elapsed time spent in this place.
 B = Non-inter-level travel time spent in this place.
 C = Inter-level travel time spent in this place.
 D = Time resting spent in this place.
 E = Time spent auto-exploring this place.
 F = Levels seen in this place.
 G = Mean time per level.
                   A        B        C        D        E       F      G
               +--------+--------+--------+--------+--------+-----+--------+
         Total |   6634 |   6381 |    253 |   1698 |   3736 |   6 | 1105.7 |
       Dungeon |   6119 |   5910 |    209 |   1698 |   3318 |   5 | 1223.8 |
        Temple |    514 |    470 |     44 |      0 |    418 |   1 |  514.0 |
               +--------+--------+--------+--------+--------+-----+--------+

Top non-repeatable levels by time:
     D:2: 2056 daAuts
     D:1: 1627 daAuts
     D:4: 1593 daAuts
     D:3: 745 daAuts
  Temple: 514 daAuts
     D:5: 97 daAuts
